Map: Blackpink LE

Players

Solliden

  • Race: Protoss Protoss
  • League: Master
  • Spawn Location: 1:00

MisterL - Winner!

  • Race: Terran Terran
  • League: Master
  • Spawn Location: 7:00

VOD

Have the link to the VOD?

Description

Time

  • Played on: April 12, 2018, 12:38 p.m.
  • Length: 23:24
Show
View Real Time Build Order
Export as new Build Order

Solliden Protoss 

Build Orders: Zealot Archon 

Get SALT Encoding   

  12  0:00  Probe  
  13  0:12  Probe  
  14  0:18  Pylon  
  14  0:24  Probe (Chrono Boost)  
  15  0:36  Probe (Chrono Boost)  
  15  0:38  Gateway  
  16  0:45  Probe (Chrono Boost)  
  17  0:50  Assimilator  
  17  0:51  Probe  
  18  1:01  Gateway  
  19  1:04  Probe  
  19  1:13  Assimilator  
  19  1:16  Probe  
  20  1:25  Cybernetics Core  
  20  1:28  Probe  
  21  1:35  Pylon  
  21  1:40  Probe  
  22  1:52  Probe  
  23  1:59  Warp Gate (Chrono Boost), Stalker x2 (Chrono Boost)  
  27  2:20  Stalker x2  
  31  2:31  Pylon  
  31  2:50  Nexus  
  31  3:15  Stalker x2  
  35  3:22  Twilight Council  
  35  3:37  Probe  
  38  3:50  Pylon  
  34  3:58  Probe  
  34  3:59  Charge (Chrono Boost)  
  34  4:02  Stalker x2  
  39  4:10  Probe  
  39  4:14  Gateway  
  39  4:15  Gateway  
  40  4:25  Probe x2 (Chrono Boost)  
  42  4:37  Probe x2 (Chrono Boost)  
  44  4:43  Probe x2 (Chrono Boost)  
  44  4:46  Zealot x2  
  44  4:51  Probe x2  
  50  4:55  Forge  
  50  5:03  Probe x2  
  52  5:13  Zealot  
  52  5:14  Zealot  
  56  5:15  Probe x2  
  58  5:23  Assimilator  
  58  5:25  Assimilator  
  58  5:27  Probe x2, Protoss Ground Weapons Level 1 (Chrono Boost)  
  60  5:30  Templar Archives  
  60  5:31  Pylon  
  60  5:40  Probe x2  
  62  5:52  Probe  
  63  6:00  Nexus  
  63  6:02  Pylon  
  63  6:03  Probe  
  64  6:04  Probe  
  64  6:07  Psionic Storm  
  64  6:10  High Templar x2  
  69  6:17  Pylon, Archon  
  69  6:21  Pylon  
  69  6:30  High Templar  
  69  6:31  High Templar  
  73  6:34  Gateway  
  73  6:35  Gateway  
  73  6:41  Gateway  
  73  6:47  Pylon  
  73  6:52  Probe x2, Archon  
  75  6:54  High Templar x2  
  79  7:01  Protoss Ground Weapons Level 2 (Chrono Boost)  
  79  7:04  Probe (Chrono Boost)  
  79  7:06  Probe (Chrono Boost)  
  81  7:14  Probe (Chrono Boost)  
  83  7:16  Probe (Chrono Boost)  
  83  7:21  Probe x2 (Chrono Boost)  
  83  7:22  Probe (Chrono Boost)  
  85  7:27  Probe  
  85  7:28  Probe  
  88  7:32  Zealot x4  
  95  7:46  Gateway, High Templar x2  
  95  7:47  High Templar  
  95  7:49  Gateway  
  95  7:50  Gateway  
  101  7:54  Pylon  
  101  7:55  Probe x3  
  101  7:56  Pylon  
  104  8:01  Assimilator  
  104  8:02  Pylon  
  104  8:03  Assimilator  
  104  8:07  Probe x3, Stalker x2, Pylon  
  104  8:08  Zealot  
  104  8:09  Sentry  
  115  8:26  Forge  
  115  8:29  Robotics Facility  
  115  8:30  Pylon  
  113  8:38  Probe x2  
  113  8:39  Probe  
  116  8:56  Nexus  
  116  8:59  Pylon  
  116  9:03  Pylon  
  116  9:05  Protoss Ground Armor Level 1 (Chrono Boost), Protoss Ground Weapons Level 3 (Chrono Boost)  
  116  9:06  Zealot x5  
  116  9:07  Zealot x2  
  130  9:20  High Templar  
  130  9:21  High Templar x2  
  136  9:27  Assimilator  
  136  9:30  Assimilator  
  136  9:33  Blink (Chrono Boost), Photon Cannon, Pylon  
  136  9:35  Photon Cannon  
  136  9:39  Shield Battery  
  136  9:40  Shield Battery  
  136  9:44  Probe  
  136  9:45  Probe x2  
  139  9:52  High Templar x3  
  139  9:53  High Templar  
  139  9:56  Archon  
  139  9:57  Probe x2, Zealot, Archon  
  139  9:58  Zealot x4  
  157  10:01  Warp Prism (Chrono Boost)  
  159  10:09  Probe x4  
  163  10:21  Probe  
  162  10:29  Observer (Chrono Boost)  
  162  10:34  Zealot  
  162  10:35  Zealot x6  
  175  10:36  Zealot x3  
  167  11:26  Zealot  
  167  11:27  Zealot x7  
  165  11:38  Protoss Ground Armor Level 2 (Chrono Boost)  
  165  11:39  Protoss Shields Level 1 (Chrono Boost), Archon x2  
  109  11:42  Immortal (Chrono Boost)  
  101  11:56  High Templar x3  
  101  11:57  High Templar  
  101  11:58  Stalker x5  
  117  12:05  Archon x2  
  113  12:16  Gateway  
  113  12:17  Gateway  
  113  12:19  Gateway  
  113  12:20  Gateway  
  113  12:22  Stalker x3, Pylon  
  117  12:23  Stalker x3  
  117  12:24  Pylon  
  117  12:27  Stargate  
  125  12:32  Pylon  
  125  12:36  Observer (Chrono Boost)  
  126  12:37  High Templar  
  126  12:38  High Templar x3  
  126  12:39  Nexus  
  126  12:41  Pylon  
  134  12:44  Pylon  
  134  12:46  Zealot x3, Pylon  
  134  12:47  Zealot x3  
  146  12:51  Pylon  
  146  13:01  Warp Prism (Chrono Boost)  
  147  13:07  Stalker  
  147  13:08  Stalker x4  
  151  13:21  Assimilator  
  151  13:22  Assimilator  
  151  13:30  Fleet Beacon  
  151  13:32  Robotics Bay, Stalker x4  
  151  13:33  Stalker x6  
  151  13:34  Stalker  
  173  13:35  Robotics Facility  
  173  13:37  Pylon  
  161  13:56  Warp Prism (Chrono Boost)  
  161  13:57  Zealot x5  
  161  13:58  Zealot x2  
  167  14:08  Protoss Ground Armor Level 3 (Chrono Boost)  
  167  14:09  Probe x5  
  166  14:14  Protoss Shields Level 2 (Chrono Boost)  
  166  14:16  Mothership (Chrono Boost)  
  172  14:24  Probe (Chrono Boost)  
  172  14:25  Probe (Chrono Boost)  
  170  14:40  Zealot x2  
  170  14:41  Zealot x6  
  155  15:01  Stalker  
  155  15:02  Stalker x6  
  155  15:03  High Templar  
  155  15:04  High Templar x3  
  177  15:07  Archon  
  177  15:08  Archon  
  177  15:34  Nexus  
  177  15:37  Pylon  
  177  15:38  High Templar  
  177  15:39  High Templar x4  
  177  15:40  Stalker, Pylon  
  177  15:41  Zealot x3  
  177  15:42  Pylon  
  177  16:04  Zealot x4  
  151  16:05  Zealot x3  
  151  16:06  Zealot x2  
  151  16:09  Void Ray (Chrono Boost)  
  165  16:28  Stalker x4  
  165  16:31  Extended Thermal Lance (Chrono Boost)  
  173  16:32  Nexus  
  173  16:34  Pylon  
  173  16:37  Pylon  
  167  17:14  Probe  
  167  17:15  Probe x5  
  155  17:26  Zealot x4  
  155  17:27  Zealot x4, Protoss Shields Level 3 (Chrono Boost)  
  155  17:28  Zealot x6  
  179  17:57  Assimilator  
  165  17:59  Zealot x3  
  165  18:00  Zealot x7, Assimilator  
  165  18:01  Zealot  
  95  18:20  Stalker x2  
  95  18:21  Stalker x7  
  95  18:25  Zealot  
  95  18:26  Zealot x4  
  123  18:32  Assimilator  
  123  18:35  Assimilator  
  117  18:51  High Templar x2  
  117  18:52  High Templar x8  
  117  18:54  Zealot  
  117  18:55  Zealot x3  
  141  18:56  Archon x5  
  141  19:04  Probe x4  
  145  19:12  Probe x2  
  145  19:16  Probe x3  
  150  19:21  Zealot x4  
  158  19:24  High Templar x2  
  158  19:25  High Templar  
  156  19:42  Zealot  
  156  19:43  Zealot x6  
  156  19:44  Zealot  
  170  19:45  Zealot x2  
  170  19:46  Zealot  
  170  19:50  Probe x2  
  170  19:51  Probe x4  
  170  19:53  Observer  
  170  20:03  Probe x3  
  154  20:14  Observer  
  154  20:20  Zealot x2  
  154  20:21  Zealot x6  
  153  20:22  Zealot x4  
  105  20:50  Zealot x2  
  105  20:51  Zealot x2  
  105  20:52  High Templar x8  
  105  20:53  High Templar x2  
  105  20:56  Archon  
  113  20:57  Archon x3  
  105  21:14  Probe x6  
  105  21:19  Zealot x4  
  109  21:26  Probe x5  
  109  21:30  Stalker x3  
  109  21:31  Stalker x5  
  126  21:41  Probe x5  
  126  21:42  Probe  
  132  21:59  Nexus  
  132  22:01  Pylon  
  126  22:11  High Templar x2  
  126  22:12  High Templar x2  
  126  22:13  Zealot x5  
  124  22:47  Zealot x2  
  124  22:48  Zealot x6  
  134  22:57  Probe x3  
  123  23:00  Assimilator  
Show
View Real Time Build Order
Export as new Build Order

MisterL Terran - Winner!

Build Orders: Cyclone Opening, Reaper Expand, MMM Bio 

Get SALT Encoding   

  12  0:00  SCV  
  13  0:12  SCV  
  14  0:17  Supply Depot  
  14  0:25  SCV  
  15  0:30  Refinery  
  15  0:39  SCV  
  16  0:46  Barracks  
  16  0:51  SCV  
  17  1:03  SCV  
  18  1:15  SCV  
  19  1:34  Orbital Command  
  19  1:35  Reaper  
  20  1:49  Command Center  
  20  1:59  SCV  
  21  2:04  Factory  
  21  2:07  Barracks Reactor  
  21  2:12  SCV  
  22  2:23  Supply Depot  
  22  2:24  SCV  
  22  2:36  SCV  
  23  2:37  Refinery  
  23  2:39  Bunker  
  23  2:47  Marine x2  
  23  2:49  Cyclone  
  28  2:53  SCV  
  29  3:05  Marine x2  
  28  3:17  SCV  
  28  3:22  Marine x2  
  30  3:28  Factory Tech Lab  
  30  3:30  Bunker  
  30  3:38  SCV  
  30  3:39  Starport  
  30  3:40  Marine x2  
  33  3:53  Siege Tank  
  36  3:58  Marine x2, Orbital Command  
  36  4:00  SCV  
  39  4:13  SCV  
  40  4:17  Marine  
  40  4:18  Marine  
  40  4:22  Medivac  
  44  4:25  SCV  
  44  4:27  Barracks  
  44  4:40  Orbital Command  
  44  4:45  SCV  
  41  4:47  Marine x2  
  41  4:48  Siege Tank  
  46  4:53  Supply Depot  
  46  4:58  Supply Depot  
  46  5:04  Starport Reactor  
  46  5:07  Barracks  
  46  5:08  SCV  
  46  5:10  SCV  
  46  5:14  Marine x2  
  48  5:17  Barracks Tech Lab  
  48  5:20  SCV  
  50  5:22  SCV  
  51  5:32  SCV  
  51  5:33  Marine x2  
  51  5:34  SCV  
  55  5:38  Factory Reactor, Barracks  
  55  5:44  SCV  
  55  5:47  Supply Depot, Stimpack  
  55  5:48  Marine  
  57  5:51  Marine, SCV  
  57  5:56  Marine, Barracks Reactor  
  60  5:59  SCV  
  61  6:05  SCV, Engineering Bay  
  61  6:06  Marine  
  61  6:10  Refinery  
  63  6:11  SCV  
  63  6:17  SCV  
  65  6:23  Command Center  
  65  6:26  SCV  
  65  6:28  Combat Shields  
  65  6:30  SCV  
  67  6:34  Terran Infantry Weapons Level 1  
  67  6:38  SCV, Widow Mine  
  70  6:44  SCV  
  71  6:49  Supply Depot  
  71  6:50  Medivac, Marine, Supply Depot  
  71  6:51  Marine  
  71  6:53  SCV  
  76  6:55  Marine  
  76  6:56  Marine  
  78  7:10  Marine, SCV x2  
  78  7:11  Widow Mine x2  
  78  7:12  Marine, Armory  
  78  7:13  Marine  
  87  7:22  Supply Depot  
  87  7:23  Liberator x2, SCV x2  
  87  7:26  Marine x2  
  91  7:35  Supply Depot, SCV x2  
  91  7:36  Widow Mine x2  
  102  7:45  Marine, Marauder  
  102  7:47  Concussive Shells  
  106  7:51  SCV  
  106  7:57  Orbital Command  
  106  7:58  SCV  
  107  8:00  Refinery  
  107  8:03  Bunker  
  107  8:11  SCV  
  108  8:15  Command Center  
  108  8:23  Terran Ship Weapons Level 1, Starport  
  108  8:24  Fusion Core  
  108  8:25  SCV  
  109  8:33  Terran Infantry Weapons Level 2  
  109  8:34  Marine x3, Marauder  
  109  8:35  SCV  
  109  8:36  SCV  
  109  8:39  Marine, Marauder  
  109  8:41  Liberator  
  119  8:43  Refinery x2  
  119  8:46  SCV  
  120  8:50  Supply Depot  
  120  9:00  SCV  
  120  9:02  SCV  
  125  9:05  Supply Depot  
  125  9:06  Supply Depot  
  125  9:08  Supply Depot  
  125  9:15  SCV  
  126  9:21  Liberator  
  126  9:23  Supply Depot  
  126  9:25  Starport Tech Lab  
  126  9:32  SCV x2  
  126  9:34  Marauder x2  
  126  9:35  Marine x2  
  126  9:36  Marine x2  
  126  9:38  Widow Mine x2  
  143  9:42  SCV x2  
  143  9:45  Missile Turret  
  145  9:50  SCV  
  146  9:52  Marine  
  146  9:54  Liberator  
  146  9:55  Marauder  
  146  9:56  Marauder  
  146  9:57  Advanced Ballistics  
  146  9:59  Command Center  
  151  10:05  Liberator  
  151  10:06  Marine x2, Missile Turret  
  153  10:09  Missile Turret  
  153  10:10  Missile Turret  
  153  10:11  Barracks  
  156  10:16  Liberator, SCV, Ghost Academy  
  156  10:17  Marauder  
  156  10:18  Terran Ship Weapons Level 2  
  160  10:34  Widow Mine x2  
  167  10:44  Planetary Fortress  
  167  10:46  Marine x3, Marauder  
  172  10:54  Marine  
  172  10:55  Terran Infantry Weapons Level 3, Widow Mine x2, Marauder  
  179  10:59  Missile Turret  
  179  11:02  Refinery  
  179  11:04  Marine, SCV  
  175  11:17  SCV  
  176  11:19  Marine  
  176  11:20  Marauder  
  176  11:24  Marine  
  176  11:25  Marauder  
  181  11:30  Liberator  
  181  11:31  Liberator  
  98  11:42  Marine  
  98  11:43  Marine x2, Marauder  
  98  11:44  SCV x3  
  98  11:46  Marine, Marauder  
  91  11:47  Widow Mine  
  91  11:48  Widow Mine  
  99  11:54  SCV  
  100  12:04  Marauder  
  100  12:07  Liberator  
  100  12:08  SCV x4  
  103  12:09  Marine x2, SCV, Marauder  
  103  12:13  Liberator  
  103  12:14  Barracks Reactor  
  113  12:15  Widow Mine  
  113  12:16  Widow Mine  
  113  12:20  SCV x3  
  116  12:25  Marine x2, Ghost  
  116  12:26  Bunker  
  116  12:27  SCV x2  
  125  12:31  Marauder  
  125  12:32  SCV  
  131  12:42  SCV x2  
  131  12:43  SCV  
  134  12:44  Marine x2  
  134  12:45  Marine x2  
  134  12:46  Widow Mine x2  
  134  12:48  SCV x2  
  144  12:52  Marauder  
  144  12:53  Liberator, Ghost  
  144  12:54  SCV  
  144  12:56  SCV  
  150  12:59  SCV  
  150  13:02  Supply Depot  
  151  13:06  SCV  
  151  13:08  Supply Depot  
  155  13:12  Marine  
  155  13:13  Marine, Marauder  
  155  13:16  Widow Mine  
  155  13:17  Widow Mine  
  155  13:18  Barracks x2  
  163  13:20  SCV  
  163  13:21  SCV, Starport Reactor  
  163  13:26  Refinery  
  163  13:27  Liberator  
  165  13:33  Marine x2, Marauder  
  169  13:35  Liberator  
  169  13:42  Command Center, Widow Mine x2  
  169  13:45  Marine  
  169  13:46  Marine, Marauder  
  158  14:05  Marine  
  158  14:06  Marine, Marauder  
  158  14:07  SCV  
  158  14:09  Widow Mine, Ghost  
  163  14:10  Marine x3, Widow Mine, Marauder  
  163  14:16  Planetary Fortress  
  164  14:25  Marine x2  
  164  14:26  Medivac  
  164  14:27  Missile Turret, Marauder  
  170  14:31  Marauder  
  172  14:38  Marauder  
  172  14:49  Marauder  
  160  15:04  Marine x2  
  160  15:05  Marine x2, Marauder  
  160  15:06  Terran Infantry Armor Level 1, Terran Ship Weapons Level 3  
  166  15:09  Medivac x2  
  166  15:10  Widow Mine  
  166  15:11  Barracks Tech Lab, Widow Mine  
  166  15:12  SCV x2  
  176  15:15  SCV  
  176  15:18  Sensor Tower, Refinery  
  177  15:30  SCV  
  178  15:37  SCV  
  178  15:42  Marine x3  
  183  15:43  Marine x2, Marauder  
  183  15:44  Marauder  
  183  15:48  Command Center  
  176  16:17  Ghost  
  176  16:18  Marine x4, Marauder x3  
  187  16:25  Medivac x3  
  190  16:27  Marine  
  190  16:29  Personal Cloaking  
  195  16:36  Marine x2  
  195  16:39  Marauder  
  188  17:18  Ghost  
  187  17:22  Sensor Tower  
  187  17:25  Marine  
  187  17:26  Marine x2, Marauder  
  187  17:28  Marine x2, Marauder  
  196  17:32  Planetary Fortress  
  196  17:33  Marine  
  196  17:34  Supply Depot, Refinery, Marauder  
  196  17:35  Supply Depot  
  199  17:43  Marine  
  200  17:55  Nuke  
  154  18:14  Marine x2, Marauder x3  
  154  18:15  Marine x3, Marauder  
  154  18:19  Liberator x4  
  143  18:22  Marine  
  137  18:32  Marine x4  
  137  18:33  Marine  
  142  18:36  Widow Mine x2, Marauder x4  
  142  18:40  Marine  
  167  18:50  Marine x3  
  170  18:56  Ghost  
  170  18:57  Widow Mine, Marauder x3  
  180  19:04  Marine x3  
  180  19:08  Terran Infantry Armor Level 2  
  183  19:10  Marine x3  
  183  19:12  Liberator  
  186  19:17  Command Center  
  186  19:18  Marauder, Ghost  
  186  19:19  Marauder  
  186  19:22  Marine x3  
  195  19:26  Marauder  
  200  19:32  Nuke  
  197  19:47  Marauder  
  197  19:50  Marine  
  200  20:00  Liberator x2  
  200  20:12  Marine x2, Marauder  
  177  20:33  Marine x2, Marauder  
  179  20:48  Marine x4  
  179  20:49  Marauder x2  
  174  20:56  Marine x3, Marauder  
  159  21:06  Marine  
  159  21:09  Ghost  
  159  21:10  Marauder  
  159  21:11  Marine  
  163  21:14  Marauder  
  163  21:17  Marauder  
  164  21:19  Marine  
  162  21:29  Marine  
  162  21:30  Nuke  
  163  21:36  Marauder  
  163  21:38  Marauder  
  167  21:42  Widow Mine, Ghost  
  167  21:43  Marine x4, Widow Mine  
  167  21:45  Barracks Reactor  
  177  21:51  Command Center  
  175  21:56  SCV x4  
  175  21:57  Marine, Marauder  
  175  22:00  Marine, Marauder  
  178  22:06  Liberator  
  178  22:08  SCV  
  179  22:11  Marauder  
  179  22:14  Widow Mine x2  
  185  22:21  Ghost  
  187  22:23  Marine  
  187  22:24  Marine x2, Marauder  
  187  22:27  Supply Depot  
  195  22:32  SCV  
  195  22:43  SCV x2  
  195  22:48  SCV x2  
  195  22:49  Widow Mine  
  195  22:50  Marine  
  200  22:56  Marauder  
Tags
 
Add a new tag
Caveats
  • Supply blocks, unpowered buildings, or Contaminate may cause inaccurate times.
  • Supply counts are checked every 10 seconds.